 Dungeon Sprint DCSS version 0.31.0-12-g77e489cdc1 (webtiles) character file.

Game seed: 17202393799826916834

1075 Groucho the Fighter (level 8, -4/82 HPs)
             Began as a Naga Fighter on Feb 25, 2024.
             Was a Believer of Cheibriados.
             Slain by a tengu warrior
             ... wielding a +3 glaive
              (7 damage)
             ... in the Dungeon (Sprint IX: "|||||||||||||||||||||||||||||").
             The game lasted 00:02:14 (485 turns).

Groucho the Fighter (Naga Fighter)                   Turns: 485, Time: 00:02:15

Health: -4/82      AC: 13    Str: 25    XL:     8   Next: 29%
Magic:  13/14      EV:  7    Int: 14    God:    Cheibriados [**....]
Gold:   0          SH:  7    Dex: 19    Spells: 7/7 levels left

rFire   . . .        a - +0 war axe
rCold   . . .        c - +0 buckler
rNeg    . . .        o - +1 scale mail
rPois   +            (no helmet)
rElec   .            l - +0 cloak
rCorr   .            (no gloves)
SInv    +            (no barding)
Will    +....        (no amulet) Stlth
                     b - +2 ring of protection
HPRegen 0.33/turn    n - +2 ring of protection
MPRegen 0.14/turn

%: no teleportation
@: mighty, very slow
A: AC +2, large, see invisible, deformed body, poison resistance, slowness 2,
spit poison 1, naga tail 1
a: Spit Poison, Renounce Religion, Bend Time


You were in the Dungeon.
You worshipped Cheibriados.
Cheibriados was pleased with you.
You visited 1 branch

Inventory:

Hand Weapons
 a - a +0 war axe (weapon)
 m - a +1 heavy broad axe
Armour
 c - a +0 buckler (worn)
 l - a +0 cloak (worn)
 o - a +1 scale mail (worn)
Jewellery
 b - a +2 ring of protection (left hand)
 n - a +2 ring of protection (right hand)
Wands
 k - a wand of acid (7)
Scrolls
 i - 2 scrolls of amnesia
 j - a scroll of blinking
Potions
 e - 2 potions of curing
 h - 4 potions of magic


   Skills:
 + Level 8.6 Fighting
 + Level 8.3 Axes
 + Level 7.2 Armour
 + Level 7.8 Shields
 + Level 8.5 Invocations


You had 7 spell levels left.
You didn't know any spells.
Your spell library was empty.

Dungeon Overview and Level Annotations

Branches:
Dungeon (1/1)

Altars:
Cheibriados
Dithmenos
Elyvilon
Fedhas
Gozag
Hepliaklqana
Kikubaaqudgha
Makhleb
Nemelex Xobeh
Okawaru
Qazlal
Ru
Sif Muna
Trog
Uskayaw
Vehumet
Wu Jian
Xom
Yredelemnul
Zin
The Shining One
Jiyva
Lugonu


Innate Abilities, Weirdness & Mutations

Your serpentine skin is tough. (AC +2)
You have supernaturally acute eyesight. (SInv)
Armour fits poorly on your strangely shaped body.
Your system is resistant to poisons. (rPois)
You cover ground very slowly.
You can spit poison.
You have a snake-like lower body.


Message History

The shadow slips into darkness.
The shadow flickers and vanishes for a moment.
Aiming: Corrosive Bolt
Press: ? - help, Shift-Dir - straight line, f - tengu warrior
Aim: a tengu warrior, wielding a +3 glaive and wearing a +0 ring mail (50% to hit)
The bolt of acid hits the tengu warrior.
The tengu warrior is lightly wounded.
Unknown command.
Unknown command.
Unknown command.
Aiming: Corrosive Bolt
Press: ? - help, Shift-Dir - straight line, f/p - tengu warrior
Aim: a tengu warrior, wielding a +3 glaive and wearing a +0 ring mail (lightly wounded, 50% to hit)
The bolt of acid hits the tengu warrior!
The acid corrodes the tengu warrior!
The tengu warrior is moderately wounded.
Unknown command.
Unknown command.
Aiming: Corrosive Bolt
Press: ? - help, Shift-Dir - straight line, f/p - tengu warrior
Aim: a tengu warrior, wielding a +3 glaive and wearing a +0 ring mail (moderately wounded, covered in acid, 50% to hit)
The bolt of acid hits the tengu warrior!!
The tengu warrior seems to be corroded for longer.
The tengu warrior is heavily wounded.
The bolt of acid hits the shadow!
The acid corrodes the shadow!
The shadow is heavily damaged.
The tengu warrior barely misses you.
Unknown command.
Unknown command.
You feel better.
The tengu warrior hits you from afar with a +3 glaive!
* * * LOW HITPOINT WARNING * * *
You feel better. The tengu warrior barely misses you.
Unknown command.
The tengu warrior hits you with a +3 glaive!
* * * LOW HITPOINT WARNING * * *
You block the tengu warrior's attack.
The tengu warrior claws you but does no damage.
The tengu warrior hits you with a +3 glaive!
You die...

▓Q▓
▓.▓
▓.▓
▓H▓
▓y▓
▓Q▓
▓W▓
▓Q▓
▓@▓
▓)▓
▓†▓
▓.▓
▓.▓
▓[▓
▓[▓
▓.▓
▓.▓


You could see 2 tengu warriors, a manticore, a vampire mosquito and a shadow
(invisible, corroded).

Vanquished Creatures
  A cyclops (D)
  A wraith (D)
  A wyvern (D)
  A yak (D)
  A steam dragon (D)
  A killer bee (D)
  A gnoll bouda (D)
  An iguana (D)
  An orc wizard (D)
  An adder (D)
  A white imp (D)
  An orc (D)
  An endoplasm (D)
  A hobgoblin (D)
  A goblin (D)
  2 rats (D)
17 creatures vanquished.

Notes
Turn   | Place    | Note
-------+----------+-------------------------------------------
     0 | D        | Groucho the Naga Fighter began the quest for the Orb.
     0 | D        | Reached XP level 1. HP: 21/21 MP: 1/1
   330 | D        | Noticed an orc wizard
   330 | D        | Noticed an iguana
   339 | D        | Killed an iguana
   340 | D        | Reached XP level 2. HP: 30/30 MP: 1/3
   340 | D        | Reached XP level 3. HP: 36/36 MP: 1/4
   348 | D        | Reached XP level 4. HP: 34/45 MP: 1/6
   361 | D        | Found a snail-covered altar of Cheibriados.
   361 | D        | Found a shadowy altar of Dithmenos.
   361 | D        | Found a white marble altar of Elyvilon.
   361 | D        | Found a blossoming altar of Fedhas.
   361 | D        | Found an opulent altar of Gozag.
   362 | D        | Found a hazy altar of Hepliaklqana.
   363 | D        | Found a viscous altar of Jiyva.
   364 | D        | Found an ancient bone altar of Kikubaaqudgha.
   365 | D        | Became a worshipper of Cheibriados the Contemplative
   366 | D        | Found a corrupted altar of Lugonu.
   367 | D        | Found a burning altar of Makhleb.
   368 | D        | Found a sparkling altar of Nemelex Xobeh.
   369 | D        | Found an iron altar of Okawaru.
   370 | D        | Found a stormy altar of Qazlal.
   371 | D        | Found a sacrificial altar of Ru.
   372 | D        | Found a shimmering blue altar of Sif Muna.
   373 | D        | Found a bloodstained altar of Trog.
   374 | D        | Found a hide-covered altar of Uskayaw.
   375 | D        | Found a radiant altar of Vehumet.
   376 | D        | Found an ornate altar of the Wu Jian Council.
   377 | D        | Found a shimmering altar of Xom.
   378 | D        | Found a basalt altar of Yredelemnul.
   379 | D        | Found a glowing silver altar of Zin.
   380 | D        | Found a glowing golden altar of the Shining One.
   435 | D        | Noticed a wraith
   435 | D        | Noticed a steam dragon
   435 | D        | Noticed a yak
   435 | D        | Noticed a wyvern
   444 | D        | Killed a wyvern
   445 | D        | Reached skill level 5 in Axes
   445 | D        | Reached skill level 5 in Armour
   445 | D        | Reached skill level 5 in Shields
   445 | D        | Reached skill level 5 in Invocations
   445 | D        | Reached XP level 5. HP: 20/55 MP: 6/8
   448 | D        | Killed a yak
   448 | D        | Reached * piety under Cheibriados
   449 | D        | Reached XP level 6. HP: 56/63 MP: 6/10
   451 | D        | Killed a steam dragon
   452 | D        | Reached XP level 7. HP: 52/72 MP: 7/12
   459 | D        | Killed a wraith
   462 | D        | Reached ** piety under Cheibriados
   471 | D        | Noticed a manticore
   471 | D        | Noticed a tengu warrior
   471 | D        | Noticed a vampire mosquito
   471 | D        | Noticed a shadow
   471 | D        | Noticed a tengu warrior
   471 | D        | Noticed a cyclops
   475 | D        | Killed a cyclops
   476 | D        | Reached XP level 8. HP: 19/82 MP: 11/14
   485 | D        | HP: 3/82 [tengu warrior/+3 glaive (11)]
   485 | D        | Slain by a tengu warrior

Illustrated notes

Levels and vault maps discovered:
D:        linesprint [early_d, line_temple, items_1, d_10, items_2, lair_1,
          lair_end, items_3, orc_1, orc_end, items_4, d_15, swamp_1, shoals_1,
          snake_1, spider_1, d_20, vaults_1, items_5, swamp_end, shoals_end,
          snake_end, spider_end, vaults_end, d_27, items_6, zot_1, zot_end,
          crypt_end, forest_end, elf_end, slime_end, tomb_end, abyss_end,
          pan_hell_end]

Skill      XL: |  1  2  3  4  5  6  7 |
---------------+----------------------+-----
Shields        | 3 4 5 6 7 |  7.8
Fighting       | 4 6 7 8 |  8.6
Axes           | 3 4 5 6 8 |  8.3
Armour         | 3 5 6 7 |  7.2
Invocations    | 2 3 5 6 8 |  8.5

Action                     |  1- 3 |  4- 6 |  7- 9 || total
---------------------------+-------+-------+-------++-------
  Melee: War axe           |    29 |    15 |    17 ||    61
  Evoke: Wand              |       |       |     3 ||     3
    Use: Potion            |     3 |     3 |     4 ||    10
         Scroll            |       |       |     1 ||     1
   Stab: Invisible         |       |     1 |     2 ||     3
 Armour: Scale mail        |    17 |    11 |    26 ||    54
  Dodge: Dodged            |     6 |     6 |     7 ||    19
  Block: Buckler           |     4 |     5 |     6 ||    15
